 Seeded DCSS version 0.30-a0-1160-g6e42c06551 (webtiles) character file.

Game seed: 8796237800415217726 (custom seed)

9 BigDaddyOpFi the Covered (level 2, 26/26 HPs)
             Began as an Armataur Fighter on Apr 25, 2023.
             Got out of the dungeon alive.
             The game lasted 00:00:13 (176 turns).

BigDaddyOpFi the Covered (Armataur Fighter)          Turns: 176, Time: 00:00:14

Health: 26/26      AC:  7    Str: 21    XL:     2   Next: 3%
Magic:  2/2        EV:  7    Int:  8    God:
Gold:   12         SH:  4    Dex:  9    Spells: 1/1 levels left

rFire   . . .        a - +0 war axe
rCold   . . .        c - +0 buckler
rNeg    . . .        b - +0 scale mail
rPois   .            (no helmet)
rElec   .            (no cloak)
rCorr   .            (no gloves)
SInv    .            (no barding)
Will    .....        (no amulet) Stlth
                     (no ring)
HPRegen 0.24/turn    (no ring)
MPRegen 0.08/turn

%: roll
@: no status effects
A: large, rugged brown scales 3, deformed body, armoured tail, roll, long
tongue, awkward tongue
a: no special abilities


You escaped.
You visited 1 branch of the dungeon, and saw 1 of its levels.

You collected 12 gold pieces.

Inventory:

Hand Weapons
 a - a +0 war axe (weapon)
Armour
 b - a +0 scale mail (worn)
 c - a +0 buckler (worn)
Potions
 d - a potion of might
 e - a potion of lignification {unknown}


   Skills:
 + Level 2.8 Fighting
 + Level 1.7 Axes
 + Level 3.8 Armour
 + Level 3.4 Shields


You had one spell level left.
You didn't know any spells.
Your spell library was empty.

Dungeon Overview and Level Annotations

Branches:
Dungeon (1/15)

Altars:


Innate Abilities, Weirdness & Mutations

You are completely covered in rugged brown scales. (AC +3, +7% HP)
Armour fits poorly on your strangely shaped body.
You have a long armoured tail.
You roll when moving toward enemies. (Rampage)
Your long tongue fully drains potion bottles. (2x potion effects)
Your tongue gives you trouble enunciating. (1.5x scroll delay)


Message History

You kill the hobgoblin!
The giant cockroach barely misses you.
The giant cockroach bites you but does no damage.
You barely miss the giant cockroach.
The giant cockroach completely misses you.
The giant cockroach bites you but does no damage.
You barely miss the giant cockroach.
The giant cockroach bites you but does no damage.
You slash the giant cockroach!
You kill the giant cockroach!
Key pressed, stopping explore.
No target in view!
You open the door.
An endoplasm comes into view.
Found 6 stones.
You roll towards the endoplasm!
An endoplasm is nearby!
You roll towards the endoplasm!
You slash the endoplasm!
You kill the endoplasm!
e - a murky grey potion No target in view!
Found 6 stones.
No target in view!
No target in view!
You see here 6 stones.
An endoplasm comes into view.
The endoplasm quivers.
You barely miss the endoplasm. You tail-slap the endoplasm.
The endoplasm is heavily wounded.
The endoplasm hits you but does no damage.
An endoplasm is nearby!
You slash the endoplasm!
You kill the endoplasm!
You have reached level 2!
You see here 6 stones.
You see here 6 stones.
There is an open door here.
There is a staircase leading out of the dungeon here.
Are you sure you want to leave the Dungeon?
This will make you lose the game!
You have escaped!

##...## ##..≈..##
#..≈.≈..# #.≈...≈(#
###.≈...≈.###
##.......≈...#
##§§§≈≈≈≈.§.≈.####
..§≈§...@.≈..≈...##
.≈≈§§..≈......≈≈..##
≈.......≈≈≈≈....≈..#
.≈≈≈≈≈..(...§≈≈≈...######
.........................
####.....#...............
#.#.......######......
#.#.†...#.# ###†..... #
#..#..#.# #)..†....


There were no monsters in sight!

Vanquished Creatures
  3 endoplasms (D:1)
  A giant cockroach (D:1)
  A hobgoblin (D:1)
  A ball python (D:1)
  A frilled lizard (D:1)
  A rat (D:1)
8 creatures vanquished.

Notes
Turn   | Place    | Note
-------+----------+-------------------------------------------
     0 | D:1      | BigDaddyOpFi the Armataur Fighter began the quest for the
                  | Orb.
     0 | D:1      | Reached XP level 1. HP: 19/19 MP: 1/1
   131 | D:1      | Reached XP level 2. HP: 26/26 MP: 2/2
   176 | D:$      | Got out of the dungeon alive.

Illustrated notes

Levels and vault maps discovered:
D:1:      ebering_trefoil_3fold, layout_basic

Action                     || total
---------------------------++-------
  Melee: War axe           ||    16
         Tailslap          ||     1
 Armour: Scale mail        ||    14
  Dodge: Dodged            ||     8
  Block: Buckler           ||     4

Table legend: (Time is in decaauts)
 A = Elapsed time spent in this place.
 B = Non-inter-level travel time spent in this place.
 C = Inter-level travel time spent in this place.
 D = Time resting spent in this place.
 E = Time spent auto-exploring this place.
 F = Levels seen in this place.
 G = Mean time per level.
                   A        B        C        D        E       F      G
               +--------+--------+--------+--------+--------+-----+--------+
         Total |    183 |    139 |     44 |      0 |    101 |   1 |  183.0 |
       Dungeon |    183 |    139 |     44 |      0 |    101 |   1 |  183.0 |
               +--------+--------+--------+--------+--------+-----+--------+

Top non-repeatable levels by time:
     D:1: 183 daAuts
